 Dungeon Crawl Stone Soup version 0.28.0-45-g0d030f2227 (webtiles) character file.

Game seed: 3469975532935744072

71 pkoi the Ruffian (level 3, -8/29 HPs)
             Began as a Demigod Gladiator on Apr 8, 2022.
             Mangled by Crazy Yiuf
             ... wielding a +2 quarterstaff of chaos
              (10 damage)
             ... on level 2 of the Dungeon.
             The game lasted 00:01:57 (1770 turns).

pkoi the Ruffian (Demigod Gladiator)                Turns: 1770, Time: 00:01:57

Health: -8/29      AC:  5    Str: 19    XL:     3   Next: 79%
Magic:  5/5        EV: 17    Int: 10    God:
Gold:   133        SH:  0    Dex: 15    Spells: 2/2 levels left

rFire   . . .      SeeInvis .   k - +2 spear (vamp)
rCold   . . .      Faith    .   (no shield)
rNeg    . . .      Spirit   .   a - +0 leather armour
rPois   .          Reflect  .   b - +0 helmet
rElec   .          Harm     .   m - +0 cloak
rCorr   .          Rampage  .   (no gloves)
Will    .....                   (no boots)
Stlth   +.........              (no amulet)
HPRegen 0.09/turn               (no ring)
MPRegen 0.09/turn               (no ring)

@: agile
A: high MP 1, forlorn, divine attributes
a: no special abilities


You were on level 2 of the Dungeon.
You visited 1 branch of the dungeon, and saw 2 of its levels.

You collected 133 gold pieces.

Inventory:

Hand Weapons
 k - a +2 vampiric spear (weapon)
Missiles
 c - 2 throwing nets (quivered)
 h - 6 boomerangs of dispersal
Armour
 a - a +0 leather armour (worn)
 b - a +0 helmet (worn)
 m - a +0 cloak (worn)
Scrolls
 d - a scroll of identify {unknown}
 e - 2 scrolls of immolation {unknown}
 g - a scroll of enchant armour {unknown}
 i - a scroll of enchant weapon {unknown}
 j - a scroll of summoning {unknown}
Potions
 f - 2 potions of ambrosia {unknown}
 l - 2 potions of curing {unknown}


   Skills:
 - Level 1.7 Fighting
 - Level 1.7 Throwing
 - Level 2.6 Dodging
 * Level 4.5 Unarmed Combat


You had 2 spell levels left.
You didn't know any spells.
Your spell library was empty.

Dungeon Overview and Level Annotations

Branches:
Dungeon (2/15)

Annotations:
D:2 Crazy Yiuf


Innate Abilities, Weirdness & Mutations

You have an increased reservoir of magic. (+10% MP)
You shall have no god before yourself.
Your divine heritage dramatically boosts your attributes as you level up.


Message History

You reach to attack!
You hit Crazy Yiuf.
Crazy Yiuf is lightly wounded.
Unknown command.
You hit Crazy Yiuf but do no damage.
Crazy Yiuf is lightly wounded.
Crazy Yiuf barely misses you.
Crazy Yiuf hits you with a +2 quarterstaff of chaos.
You feel agile all of a sudden.
You barely miss Crazy Yiuf.
Crazy Yiuf is lightly wounded.
Crazy Yiuf hits you with a +2 quarterstaff of chaos!
Ouch! That really hurt!
* * * LOW HITPOINT WARNING * * *
Crazy Yiuf burns you.
* * * LOW HITPOINT WARNING * * *
Crazy Yiuf barely misses you.
You aren't carrying any items that you can evoke.
Throw: 3 throwing nets
Press: ? - help, Q - select action, (/) - cycle Shift-Dir - straight line, f/p - Crazy Yiuf
Aim: Crazy Yiuf, wielding a +2 quarterstaff of chaos and wearing a +0 cloak (fast, 61% to hit)
You throw a throwing net. The throwing net hits Crazy Yiuf.
Crazy Yiuf is caught in the net!
Crazy Yiuf whimpers, "Announcement!"
Crazy Yiuf struggles against the net.
You hit Crazy Yiuf.
You feel better.
Crazy Yiuf is lightly wounded.
Crazy Yiuf struggles against the net.
You hit Crazy Yiuf.
You feel better.
Crazy Yiuf is lightly wounded.
Crazy Yiuf struggles against the net. x2
The net rips apart, and Crazy Yiuf comes free!
You closely miss Crazy Yiuf.
Crazy Yiuf is lightly wounded.
Crazy Yiuf hits you with a +2 quarterstaff of chaos!
* * * LOW HITPOINT WARNING * * *
Crazy Yiuf misses you.
You hit Crazy Yiuf but do no damage.
Crazy Yiuf is lightly wounded.
Crazy Yiuf hits you with a +2 quarterstaff of chaos!
You die...

##### ##...## ##.....## #####
#.......# #)..# #...)...# #...#
#.......# ############ ...
####.....## ...........# #g#
#.........# ...........# #@##
###.......# .....####### ##.#
#......)# .....# ### #.##
####.....## ##.#######.# ##.#
#.......### ...........# ##.##
#.........## .........#.# ##PP.#
#.....#..... .........[.# #P...#
#........... ...........# ##..##
#...........
....>......####....###...........


You could see Crazy Yiuf (fast).

Vanquished Creatures
  3 adders (D:2)
  A worm (D:2)
  A dart slug (D:1)
  An orc (D:2)
  5 ball pythons
  A bat (D:1)
  4 endoplasms
  3 goblins
  5 hobgoblins
  3 jackals (D:1)
  2 frilled lizards (D:1)
  4 kobolds
  3 rats
36 creatures vanquished.

Notes
Turn   | Place    | Note
-------+----------+-------------------------------------------
     0 | D:1      | pkoi the Demigod Gladiator began the quest for the Orb.
     0 | D:1      | Reached XP level 1. HP: 17/17 MP: 3/3
   113 | D:1      | Reached skill level 3 in Unarmed Combat
   295 | D:1      | Reached XP level 2. HP: 16/24 MP: 4/4
   938 | D:2      | Reached XP level 3. HP: 29/29 MP: 5/5
   970 | D:2      | Reached skill level 4 in Unarmed Combat
  1622 | D:2      | Found a runed translucent door.
  1623 | D:2      | Noticed Crazy Yiuf
  1770 | D:2      | Mangled by Crazy Yiuf

Illustrated notes

Levels and vault maps discovered:
D:1:      lemuel_arrival_river_bridge, layout_rooms, serial_glass,
          glass_columns_a, glass_columns_b, glass_columns_a, glass_columns_c,
          glass_columns_b, glass_columns_a, glass_columns_a, glass_columns_c
D:2:      layout_rooms, uniq_crazy_yiuf_cottage

Skill      XL: |  1  2  3 |
---------------+----------+-----
Unarmed Combat | 3 4 |  4.5
Fighting       | |  1.7
Throwing       | |  1.7
Dodging        | |  2.6

Action                   || total
-------------------------++-------
Melee: Unarmed           ||    44
       Punch             ||     2
       Spear             ||   101
Throw: Throwing net      ||     1
 Stab: Sleeping          ||     1
Armor: Leather armour    ||    23
Dodge: Dodged            ||   108
